 Dungeon Crawl Stone Soup version 0.31.0-12-g77e489cdc1 (webtiles) character file.

Game seed: 18282287411425331807

149 Curundu the Chopper (level 5, -2/69 HPs)
             Began as a Minotaur Berserker on Feb 12, 2024.
             Was a Priest of Trog.
             Slain by a lemure (4 damage)
             ... led by Pikel
             ... on level 4 of the Dungeon.
             The game lasted 00:06:45 (2708 turns).

Curundu the Chopper (Minotaur Berserker)            Turns: 2708, Time: 00:06:46

Health: -2/69      AC:  6    Str: 23    XL:     5   Next: 9%
Magic:  4/4        EV: 10    Int:  4    God:    Trog [***...]
Gold:   200        SH:  0    Dex: 10    Spells: 4/4 levels left

rFire   . . .        a - +0 hand axe
rCold   . . .        (no shield)
rNeg    . . .        f - +0 scale mail
rPois   .            (helmet restricted)
rElec   .            (no cloak)
rCorr   .            (no gloves)
SInv    .            (no boots)
Will    .....        (no amulet) Stlth
                     (no ring)
HPRegen 0.31/turn    (no ring)
MPRegen 0.09/turn

%: no passive effects
@: berserking, very quick
A: horns 2, retaliatory headbutt
a: Renounce Religion, Berserk, Trog's Hand


You were on level 4 of the Dungeon.
You worshipped Trog.
Trog was most pleased with you.
You visited 1 branch of the dungeon, and saw 4 of its levels.

You collected 200 gold pieces.

Inventory:

Hand Weapons
 a - a +0 hand axe (weapon)
 b - a +1 trident of flaming
Armour
 f - a +0 scale mail (worn)
Scrolls
 h - a scroll of immolation {unknown}
 i - a scroll of amnesia
 k - a scroll of teleportation {unknown}
 m - a scroll of enchant armour {unknown}
 n - a scroll of fear {unknown}
Potions
 c - a potion of resistance {unknown}
 d - 3 potions of might
 e - 2 potions of lignification
 g - a potion of invisibility {unknown}
 l - 2 potions of haste {unknown}
 o - a potion of curing {unknown}


   Skills:
 + Level 4.2 Fighting
 + Level 4.5 Axes
 * Level 3.6 Armour
 * Level 3.1 Dodging
 * Level 2.0 Shields
 * Level 1.1 Evocations


You had 4 spell levels left.
You didn't know any spells.
Your spell library was empty.

Dungeon Overview and Level Annotations

Branches:
Dungeon (4/15)
 Temple: D:4-7

Altars:

Annotations:
D:4 Pikel


Innate Abilities, Weirdness & Mutations

You have a pair of horns on your head.
You reflexively headbutt those who attack you in melee.


Message History

You closely miss the lemure. You hit the lemure. The lemure hits you!
The lemure barely misses you. Pikel closely misses you.
You furiously retaliate!
You headbutt Pikel. The lemure misses you.
You hit Pikel.
Pikel is moderately wounded.
You hit the lemure. You closely miss the lemure. You hit the lemure.
The lemure hits you but does no damage. The lemure barely misses you.
You furiously retaliate!
You headbutt the lemure. Pikel completely misses you. The lemure hits you.
You hit Pikel.
Pikel is moderately wounded.
You barely miss the lemure. You hit the lemure but do no damage.
You closely miss the lemure. The lemure hits you.
The lemure hits you but does no damage.
Pikel hits you with a +0 whip of electrocution.
The lemure hits you.
* * * LOW HITPOINT WARNING * * *
A red film seems to cover your vision as you go berserk!
You feel yourself moving faster!
You feel mighty! The lemure hits you.
* * * LOW HITPOINT WARNING * * *
The lemure hits you.
* * * LOW HITPOINT WARNING * * *
Pikel closely misses you. The lemure hits you but does no damage.
You slash Pikel!
Pikel is heavily wounded.
You barely miss the lemure. You slash the lemure! You closely miss the lemure.
The lemure hits you.
* * * LOW HITPOINT WARNING * * *
Pikel hits you with a +0 whip of electrocution.
* * * LOW HITPOINT WARNING * * *
The lemure closely misses you. You furiously retaliate!
You headbutt the lemure! The lemure closely misses you.
You slash Pikel!
Pikel is severely wounded.
You hit the lemure. You closely miss the lemure. x2
You closely miss Pikel. Your headbutt misses Pikel.
Pikel is severely wounded.
You hit the lemure but do no damage. You barely miss the lemure.
You hit the lemure. The lemure closely misses you. The lemure hits you.
You die...

#.###.### .##?
#.......
...##......#
##.....#.... ...
.....#
..###.###.>##
......#....#
#.....5@##
#.<...55K#
#.....####5....[.
.......##
##...##. ...###.
##..# #. #. ### #
#. #. ..


You could see Pikel and 4 lemures.

Vanquished Creatures
  A hound skeleton (D:3)
  5 adders
  An adder zombie (D:3)
  An adder skeleton (D:3)
  2 dart slugs (D:2)
  A ribbon worm (D:2)
  8 endoplasms
  2 giant cockroaches (D:1)
  5 goblins
  6 hobgoblins
  4 jackals (D:2)
  7 quokkas
  5 ball pythons
  A ball python skeleton (D:3)
  8 bats
  7 frilled lizards
  6 kobolds
  A quokka skeleton (D:3)
  A quokka zombie (D:3)
  8 rats
80 creatures vanquished.

Notes
Turn   | Place    | Note
-------+----------+-------------------------------------------
     0 | D:1      | Curundu the Minotaur Berserker began the quest for the Orb.
     0 | D:1      | Reached XP level 1. HP: 19/19 MP: 0/0
   139 | D:1      | Reached XP level 2. HP: 24/27 MP: 1/1
   650 | D:1      | Reached ** piety under Trog
   651 | D:1      | Reached skill level 1 in Shields
   750 | D:1      | Reached XP level 3. HP: 33/33 MP: 2/2
  1089 | D:2      | Reached XP level 4. HP: 40/40 MP: 3/3
  1920 | D:3      | Reached skill level 1 in Evocations
  2440 | D:3      | Reached XP level 5. HP: 46/46 MP: 4/4
  2456 | D:3      | Reached *** piety under Trog
  2582 | D:3      | Found a faded altar of an unknown god.
  2696 | D:4      | Noticed a lemure
  2696 | D:4      | Noticed a lemure
  2697 | D:4      | Noticed a lemure
  2697 | D:4      | Noticed a lemure
  2698 | D:4      | Noticed Pikel
  2706 | D:4      | HP: 2/69 [Pikel/+0 whip of electrocution (4)]
  2708 | D:4      | Slain by a lemure

Illustrated notes

Levels and vault maps discovered:
D:1:      dpeg_arrival_yet_another_circle, layout_basic, minmay_ruptured
D:2:      kb_forest_paths, layout_loops_ring, serial_bayou,
          serial_bayou_lagoon_a, serial_bayou_ford_a, serial_bayou_pond_c
D:3:      minmay_diamond_boxcup, layout_loops_cross, serial_undead,
          serial_undead_d, serial_undead_c, serial_undead_f, serial_undead_a,
          serial_undead_f, chequers_ecumenical_altar_simple_redux
D:4:      layout_rooms, nicolae_elyvilon_peaceful_grove,
          mainiacjoe_overflow_alcove_1, minmay_misc_feat_tower, uniq_pikel

Skill      XL: |  1  2  3  4  5 |
---------------+----------------+-----
Axes           | 4 |  4.5
Shields        | 1 2 |  2.0
Fighting       | 4 |  4.2
Armour         | 3 |  3.6
Dodging        | 3 |  3.1
Evocations     | 1 |  1.1

Action                     |  1- 3 |  4- 6 || total
---------------------------+-------+-------++-------
  Melee: Hand axe          |    91 |   103 ||   194
         Headbutt          |    21 |    12 ||    33
         Punch             |       |     1 ||     1
 Invoke: Berserk           |       |     1 ||     1
    Use: Scroll            |       |     3 ||     3
   Stab: Sleeping          |     1 |       ||     1
 Armour: Animal skin       |    15 |       ||    15
         Scale mail        |    31 |    79 ||   110
  Dodge: Dodged            |    52 |    53 ||   105
